 Dungeon Crawl Stone Soup version 0.29-a0-392-g297d3b089c (webtiles) character file.

Game seed: 11382695927096454720

1341 dolemite99 the Poker (level 8, 0/67 HPs)
             Began as a Gnoll Chaos Knight on May 9, 2022.
             Was a Plaything of Xom.
             Slain by a gargoyle
             ... wielding a +0 mace
              (16 damage)
             ... on level 5 of the Dungeon.
             The game lasted 00:07:23 (7487 turns).

dolemite99 the Poker (Gnoll Chaos Knight)           Turns: 7487, Time: 00:07:24

Health: 0/67       AC: 19    Str: 16    XL:     8   Next: 62%
Magic:  13/13      EV:  8    Int: 15    God:    Xom [....*.]
Gold:   225        SH:  4    Dex: 10    Spells: 13/13 levels left

rFire   . . .      SeeInvis .   a - +0 spear (venom)
rCold   + . .      Faith    .   (no shield)
rNeg    . . .      Spirit   .   q - +0 chain mail
rPois   .          Reflect  .   t - +0 helmet
rElec   .          Harm     .   f - +0 cloak
rCorr   .          Rampage  .   (no gloves)
Will    .....                   o - +0 pair of boots
Stlth   ..........              (no amulet)
HPRegen 0.21/turn               c - +4 ring of protection
MPRegen 0.13/turn               (no ring)

@: no status effects
A: fangs 1, strong nose, distributed training, iridescent scales 1, large bone
plates 1, clever 2, clumsy 1, cold resistance 1, strong 1
a: Renounce Religion


You were on level 5 of the Dungeon.
You worshipped Xom.
You were a beloved toy of Xom.
You visited 1 branch of the dungeon, and saw 7 of its levels.

You collected 225 gold pieces.

Inventory:

Hand Weapons
 a - a +0 spear of venom (weapon)
 i - a +0 hunting sling
 v - a +0 dagger of chaos
Missiles
 g - 8 poisoned darts
 j - 78 stones
Armour
 b - a +2 leather armour
 f - a +0 cloak (worn)
 o - a +0 pair of boots (worn)
 q - a +0 chain mail (worn)
 s - a +0 ring mail
 t - a +0 helmet (worn)
Jewellery
 c - a +4 ring of protection (left hand)
 l - an amulet of guardian spirit
Wands
 m - a wand of digging (5)
 n - a wand of iceblast (9)
Scrolls
 e - 3 scrolls of poison
 r - 2 scrolls of blinking
 u - 3 scrolls of fear
 w - 3 scrolls of immolation
 x - a scroll of fog
 y - a scroll of teleportation
 z - a scroll of identify {@r1}
Potions
 h - a potion of cancellation
 k - 3 potions of curing
 p - a potion of haste {unknown}
Miscellaneous
 d - a piece from Xom's chessboard (inert) (quivered)


   Skills:
 + Level 7.4 Fighting
 + Level 3.4 Short Blades
 + Level 3.4 Long Blades
 + Level 3.4 Axes
 + Level 3.4 Maces & Flails
 + Level 7.4 Polearms
 + Level 3.4 Staves
 + Level 3.4 Slings
 + Level 3.4 Bows
 + Level 3.4 Crossbows
 + Level 3.4 Throwing
 + Level 5.8 Armour
 + Level 4.3 Dodging
 + Level 3.4 Stealth
 + Level 3.4 Shields
 + Level 3.4 Unarmed Combat
 + Level 3.4 Spellcasting
 + Level 2.8 Conjurations
 + Level 2.8 Hexes
 + Level 2.8 Summonings
 + Level 2.8 Necromancy
 + Level 2.8 Translocations
 + Level 2.8 Transmutations
 + Level 2.8 Fire Magic
 + Level 2.8 Ice Magic
 + Level 2.8 Air Magic
 + Level 2.8 Earth Magic
 + Level 2.8 Poison Magic
 + Level 3.8 Invocations
 + Level 3.4 Evocations


You had 13 spell levels left.
You didn't know any spells.
Your spell library contained the following spells:

 Spells                   Type           Power      Damage    Failure   Level
 Ensorcelled Hibernation  Hex/Ice        22%        N/A       78%         2
 Sublimation of Blood     Necr           11%        N/A       78%         2
 Wereblood                Tmut           11%        N/A       78%         2
 Spider Form              Tmut/Pois      11%        N/A       95%         3
 Anguish                  Hex/Necr       5%         N/A       100%        4
 Summon Hydra             Summ           5%         N/A       100%        7


Dungeon Overview and Level Annotations

Branches:
Dungeon (7/15)             Temple (0/1) D:5

Altars:
Ashenzari
Fedhas
Kikubaaqudgha
Trog
Vehumet
Xom
Zin


Innate Abilities, Weirdness & Mutations

You have very sharp teeth.
Your uncanny sense of smell can sniff out nearby items.
Your experience applies equally to all skills.
You are partially covered in iridescent scales. (AC +2)
You are partially covered in large bone plates. (SH +4)
Your mind is very acute. (Int +4)
You are clumsy. (Dex -2)
Your flesh is cold resistant. (rC+)
Your muscles are strong. (Str +2)


Message History

You kill the scorpion!
The bush looks more healthy.
g - 8 poisoned darts (gained 3)
There is a stone staircase leading down here.
There is a stone staircase leading down here.
Found a stone staircase leading down.
There is a stone staircase leading down here.
Key pressed, stopping explore.
No target in view!
You now have 225 gold pieces (gained 8).
j - 78 stones (gained 19) Key pressed, stopping explore.
No target in view!
A gargoyle comes into view. It is wielding a +0 mace.
The gargoyle hurls a stone arrow at you.
The stone arrow hits you!
Found 24 gold pieces.
A gargoyle is nearby!
You hit the gargoyle but do no damage. The gargoyle hits you with a +0 mace!
Okay, then.
You barely miss the gargoyle. Your bite misses the gargoyle.
Xom smirks.
You feel aware of your surroundings.
You hit the gargoyle but do no damage. The gargoyle hits you with a +0 mace!
You closely miss the gargoyle. The gargoyle barely misses you.
You hit the gargoyle but do no damage.
The gargoyle hurls a stone arrow at you.
The stone arrow hits you!!
* * * LOW HITPOINT WARNING * * *
You hit the gargoyle but do no damage.
You bite the gargoyle, but do no damage.
You hit the gargoyle but do no damage.
You bite the gargoyle, but do no damage. "There, this looks better."
The gargoyle closely misses you.
You hit the gargoyle but do no damage.
You bite the gargoyle, but do no damage.
The gargoyle hits you with a +0 mace!
You die...
Xom is highly amused!

..## #.## *# ###* ##......#.....
#..###..###., *,*#...######....
##.......#.. ,* ,#...# #.###
###...####.### , *,#...######.# #
.......#.#.#.## * ,#..........###
....#....#..#.##∆*,#..........##.
...###..##.###.#,,,#...######.#..
...###..##..#.####_#..## ##>..
........##.###.#@9.#..## #...
.........#..#.#.#$###..#######...
##..######.######## #............
##..#####..###.# ##.....####.#
......#........# ##..### ##.
..##.....#.....########..# #.
.#.PP...###..............#######.
...P^...###..##........##..##....
#...>....##.###..####..###....###


You could see a gargoyle.

Vanquished Creatures
  Menkaure (D:6)
  Duvessa (D:4)
  An ice beast (D:5)
  A black bear (D:4)
  2 ogres
  A phantom (D:4)
  2 scorpions (D:5)
  A necrophage (D:3)
  Dowan (D:4)
  A howler monkey (D:6)
  An orc priest (D:3)
  2 hounds
  2 iguanas
  A jelly (D:6)
  An orc wizard (D:4)
  Terence (D:3)
  Robin (D:2)
  A gnoll (D:4)
  5 adders
  2 shadow imps (D:6)
  2 white imps
  4 dart slugs
  10 orcs
  9 endoplasms
  3 giant cockroaches
  19 goblins
  13 hobgoblins
  4 quokkas
  5 ball pythons
  5 bats
  2 frilled lizards (D:2)
  4 kobolds
  13 rats
122 creatures vanquished.

Vanquished Creatures (others)
  2 gnolls (D:4)
  5 plants (D:5)
  5 withered plants (D:5)
12 creatures vanquished.

Grand Total: 134 creatures vanquished

Notes
Turn   | Place    | Note
-------+----------+-------------------------------------------
     0 | D:1      | dolemite99 the Gnoll Chaos Knight began the quest for the
                  | Orb.
     0 | D:1      | Reached XP level 1. HP: 23/23 MP: 1/1
    11 | D:1      | XOM: silly message
    68 | D:1      | Reached XP level 2. HP: 28/29 MP: 2/2
   274 | D:1      | XOM: silly message
   285 | D:1      | XOM: silly message
   330 | D:1      | XOM: silly message
   379 | D:1      | XOM: divination: detect items
   465 | D:1      | Reached XP level 3. HP: 35/35 MP: 3/3
   638 | D:1      | XOM: divination: magic mapping
   768 | D:1      | XOM: divination: detect items
  1020 | D:2      | Found a broken altar of Ashenzari.
  1052 | D:2      | XOM: silly message
  1084 | D:2      | XOM: god gift: 10 gold pieces
  1118 | D:2      | Reached skill level 1 in Invocations
  1348 | D:2      | Found a faded altar of an unknown god.
  1374 | D:2      | Reached skill level 1 in Short Blades
  1374 | D:2      | Reached skill level 1 in Long Blades
  1374 | D:2      | Reached skill level 1 in Axes
  1374 | D:2      | Reached skill level 1 in Maces & Flails
  1374 | D:2      | Reached skill level 1 in Staves
  1374 | D:2      | Reached skill level 1 in Slings
  1374 | D:2      | Reached skill level 1 in Bows
  1374 | D:2      | Reached skill level 1 in Crossbows
  1374 | D:2      | Reached skill level 1 in Throwing
  1374 | D:2      | Reached skill level 1 in Stealth
  1374 | D:2      | Reached skill level 1 in Shields
  1374 | D:2      | Reached skill level 1 in Unarmed Combat
  1374 | D:2      | Reached skill level 1 in Spellcasting
  1374 | D:2      | Reached skill level 1 in Evocations
  1382 | D:2      | XOM: 3-stop teleportation journey
  1614 | D:2      | Reached XP level 4. HP: 41/41 MP: 5/5
  1793 | D:3      | Noticed Robin
  1909 | D:2      | XOM: divination: detect items
  2241 | D:2      | Killed Robin
  2350 | D:2      | Reached skill level 1 in Conjurations
  2350 | D:2      | Reached skill level 1 in Hexes
  2350 | D:2      | Reached skill level 1 in Summonings
  2350 | D:2      | Reached skill level 1 in Necromancy
  2350 | D:2      | Reached skill level 1 in Translocations
  2350 | D:2      | Reached skill level 1 in Transmutations
  2350 | D:2      | Reached skill level 1 in Fire Magic
  2350 | D:2      | Reached skill level 1 in Ice Magic
  2350 | D:2      | Reached skill level 1 in Air Magic
  2350 | D:2      | Reached skill level 1 in Earth Magic
  2350 | D:2      | Reached skill level 1 in Poison Magic
  2407 | D:3      | XOM: divination: magic mapping
  2633 | D:3      | XOM: chaos upgrade
  2886 | D:3      | Reached XP level 5. HP: 45/47 MP: 6/6
  2931 | D:3      | Noticed Terence
  2951 | D:3      | Killed Terence
  3094 | D:3      | XOM: silly message
  3233 | D:3      | XOM: enchant monster (good)
  3253 | D:3      | Reached XP level 6. HP: 28/53 MP: 8/8
  3759 | D:4      | Noticed Dowan
  3759 | D:4      | Noticed Duvessa
  3768 | D:4      | XOM: potion effect (invisibility)
  3810 | D:4      | Killed Dowan
  3811 | D:4      | Reached skill level 5 in Armour
  3850 | D:4      | Found a radiant altar of Vehumet.
  3976 | D:3      | XOM: give mutation
  3976 | D:3      | Gained mutation: You are clumsy. (Dex -2) [Xom's mischief]
  4494 | D:4      | Killed Duvessa
  4495 | D:4      | Reached XP level 7. HP: 6/60 MP: 10/10
  5029 | D:4      | Found a bloodstained altar of Trog.
  5064 | D:4      | XOM: give mutations
  5064 | D:4      | Gained mutation: Your flesh is cold resistant. (rC+) [Xom's
                  | grace]
  5064 | D:4      | Gained mutation: Your mind is acute. (Int +2) [Xom's grace]
  5064 | D:4      | Gained mutation: Your muscles are strong. (Str +2) [Xom's
                  | grace]
  5064 | D:4      | Gained mutation: You are partially covered in large bone
                  | plates. (SH +4) [Xom's grace]
  5108 | D:4      | Found a glowing silver altar of Zin.
  5108 | D:4      | XOM: 5-stop teleportation journey
  5247 | D:4      | XOM: god gift: runed leather armour {god gift}
  5387 | D:5      | Entered Level 5 of the Dungeon
  5387 | D:5      | XOM: summons friendly quasit
  5400 | D:4      | XOM: give mutations
  5400 | D:4      | Gained mutation: You are partially covered in iridescent
                  | scales. (AC +2) [Xom's grace]
  5400 | D:4      | Gained mutation: Your mind is very acute. (Int +4) [Xom's
                  | grace]
  5403 | D:5      | XOM: scenery: create altars
  5459 | D:5      | XOM: 1-stop teleportation journey
  5472 | D:5      | XOM: polymorph jelly -> iguana
  5755 | D:5      | XOM: cloud trail
  5934 | D:5      | Found an ancient bone altar of Kikubaaqudgha.
  5935 | D:5      | Found a blossoming altar of Fedhas.
  5993 | D:5      | Reached XP level 8. HP: 56/67 MP: 12/12
  6200 | D:5      | XOM: 2-stop teleportation journey
  6338 | D:5      | You fall into a shaft and drop 2 floors!
  6384 | D:7      | XOM: scenery: 1 doors open, 2 doors close
  6400 | D:6      | XOM: summons friendly crimson imp
  6410 | D:6      | XOM: cleaving
  6540 | D:6      | XOM: polymorph crimson imp -> lemure
  6594 | D:6      | Noticed Menkaure
  6611 | D:6      | Killed Menkaure
  7044 | D:6      | XOM: cloud trail
  7181 | D:5      | Found a staircase to the Ecumenical Temple.
  7478 | D:5      | Noticed a gargoyle
  7481 | D:5      | XOM: divination: magic mapping
  7486 | D:5      | XOM: scenery: create altars
  7487 | D:5      | Slain by a gargoyle

Illustrated notes

Levels and vault maps discovered:
D:1:      saegor_arrival_simple_c, layout_basic
D:2:      kennysheep_six_static_rooms, layout_loops_ring,
          basic_ecumenical_altar, basic_altar
D:3:      layout_rooms, uniq_robin, uniq_terence
D:4:      layout_basic, mainiacjoe_overflow_catwalk_spiral,
          vehumet_altar_wand_db, lemuel_old_faithful, uniq_duvessa
D:5:      layout_layer_cave, grunt_temple_overflow_growth_and_decay,
          minmay_temple_entry_overgrown, minmay_small_thing
D:6:      layout_loops_ring, nicolae_dithmenos_through_a_glass_darkly,
          grunt_temple_overflow_diamond, uniq_menkaure
D:7:      layout_gridville, serial_shops, kennysheep_little_box,
          uniq_crazy_yiuf_cottage

Skill      XL: |  1  2  3  4  5  6  7  8 |
---------------+-------------------------+-----
Invocations    | 1 2 3 |  3.8
Short Blades   | 1 2 3 |  3.4
Long Blades    | 1 2 3 |  3.4
Axes           | 1 2 3 |  3.4
Maces & Flails | 1 2 3 |  3.4
Staves         | 1 2 3 |  3.4
Slings         | 1 2 3 |  3.4
Bows           | 1 2 3 |  3.4
Crossbows      | 1 2 3 |  3.4
Throwing       | 1 2 3 |  3.4
Stealth        | 1 2 3 |  3.4
Shields        | 1 2 3 |  3.4
Unarmed Combat | 1 2 3 |  3.4
Spellcasting   | 1 2 3 |  3.4
Evocations     | 1 2 3 |  3.4
Conjurations   | 1 2 |  2.8
Hexes          | 1 2 |  2.8
Summonings     | 1 2 |  2.8
Necromancy     | 1 2 |  2.8
Translocations | 1 2 |  2.8
Transmutations | 1 2 |  2.8
Fire Magic     | 1 2 |  2.8
Ice Magic      | 1 2 |  2.8
Air Magic      | 1 2 |  2.8
Earth Magic    | 1 2 |  2.8
Poison Magic   | 1 2 |  2.8
Dodging        | 3 4 |  4.3
Armour         | 5 |  5.8
Fighting       | 7 |  7.4
Polearms       | 7 |  7.4

Action                   |  1- 3 |  4- 6 |  7- 9 || total
-------------------------+-------+-------+-------++-------
Melee: Spear             |   112 |   220 |   165 ||   497
       Bite              |     8 |    20 |    27 ||    55
       Punch             |     2 |     3 |     5 ||    10
Evoke: Piece from Xom's  |    17 |     7 |     8 ||    32
       Wand              |       |     9 |     1 ||    10
  Use: Scroll            |     4 |     6 |     2 ||    12
       Potion            |       |     2 |     3 ||     5
 Stab: Confused          |     2 |       |       ||     2
       Sleeping          |     2 |     1 |       ||     3
       Paralysed         |       |     2 |     4 ||     6
       Petrifying        |       |     2 |       ||     2
       Invisible         |       |     1 |       ||     1
       Petrified         |       |     1 |       ||     1
Armor: Leather armour    |    18 |    23 |       ||    41
       Chain mail        |       |    98 |    63 ||   161
       Skin              |       |     6 |       ||     6
Dodge: Dodged            |    29 |   104 |    33 ||   166
Block: Other             |       |       |    18 ||    18

Table legend: (Time is in decaauts)
 A = Elapsed time spent in this place.
 B = Non-inter-level travel time spent in this place.
 C = Inter-level travel time spent in this place.
 D = Time resting spent in this place.
 E = Time spent auto-exploring this place.
 F = Levels seen in this place.
 G = Mean time per level.
                   A        B        C        D        E       F      G
               +--------+--------+--------+--------+--------+-----+--------+
         Total |   7377 |   7049 |    328 |   2766 |   2964 |   7 | 1053.9 |
       Dungeon |   7377 |   7049 |    328 |   2766 |   2964 |   7 | 1053.9 |
               +--------+--------+--------+--------+--------+-----+--------+

Top non-repeatable levels by time:
     D:3: 1610 daAuts
     D:4: 1352 daAuts
     D:2: 1313 daAuts
     D:5: 1241 daAuts
     D:1: 1047 daAuts
     D:6: 762 daAuts
     D:7: 49 daAuts
